Map: Contamination

Players

Case

  • Race: Protoss Protoss
  • League: Gold
  • Spawn Location: 3:00

rocosixpool

  • Race: Zerg Zerg
  • Spawn Location: 3:00

Syb - Winner!

  • Race: Protoss Protoss
  • Spawn Location: 9:00

Niamor - Winner!

  • Race: Protoss Protoss
  • League: Platinum
  • Spawn Location: 9:00

VOD

Have the link to the VOD?

Description

Time

  • Played on: May 17, 2016, 4:18 p.m.
  • Length: 8:47
Show
View Real Time Build Order
Export as new Build Order

Case Protoss 

Build Orders: 1 Gate Expand 

Get SALT Encoding   

  12  0:01  Probe (Chrono Boost)  
  13  0:11  Probe (Chrono Boost)  
  14  0:22  Probe (Chrono Boost)  
  14  0:23  Pylon  
  15  0:41  Probe (Chrono Boost)  
  15  0:42  Gateway  
  16  0:52  Probe (Chrono Boost)  
  16  0:54  Assimilator  
  17  1:02  Probe (Chrono Boost)  
  18  1:13  Probe (Chrono Boost)  
  19  1:25  Probe (Chrono Boost)  
  20  1:30  Nexus  
  20  1:37  Cybernetics Core  
  20  1:49  Pylon  
  20  1:51  Probe (Chrono Boost)  
  21  2:00  Assimilator  
  22  2:01  Probe (Chrono Boost)  
  22  2:10  Gateway  
  22  2:12  Probe (Chrono Boost)  
  23  2:21  Warp Gate, Pylon  
  23  2:28  Mothership Core (Chrono Boost)  
  25  2:46  Probe (Chrono Boost)  
  25  2:49  Stalker  
  28  2:56  Probe (Chrono Boost)  
  28  2:57  Probe (Chrono Boost)  
  30  3:07  Probe (Chrono Boost)  
  31  3:20  Stargate  
  31  3:24  Probe (Chrono Boost), Adept  
  31  3:25  Probe (Chrono Boost)  
  31  3:26  Pylon  
  35  3:35  Probe x2 (Chrono Boost)  
  37  3:44  Gateway  
  37  3:59  Pylon  
  37  4:03  Stalker x2  
  37  4:07  Probe x2 (Chrono Boost)  
  37  4:09  Assimilator  
  43  4:10  Oracle  
  43  4:11  Assimilator  
  43  4:49  Probe (Chrono Boost)  
  43  4:50  Probe (Chrono Boost)  
  43  5:06  Stalker x2  
  47  5:07  Void Ray  
  51  5:14  Gateway  
  51  5:15  Pylon  
  51  5:16  Pylon  
  51  5:17  Gateway  
  51  5:18  Gateway  
  51  5:28  Forge  
  51  5:38  Pylon  
  51  5:41  Adept x2, Pylon  
  39  6:08  Void Ray  
  34  6:20  Stalker, Zealot x3  
  34  6:21  Zealot  
  41  6:44  Adept  
  41  6:45  Adept x3  
  35  7:04  Probe x2 (Chrono Boost)  
  32  7:14  Probe (Chrono Boost)  
  33  7:21  Probe (Chrono Boost)  
  34  7:30  Stalker x2  
  38  7:37  Probe (Chrono Boost)  
  38  7:42  Probe (Chrono Boost)  
  29  8:37  Forge  
Show
View Real Time Build Order
Export as new Build Order

rocosixpool Zerg 

Build Orders: 3 Hatch before Pool 

Get SALT Encoding   

  12  0:02  Drone  
  13  0:11  Drone  
  14  0:23  Overlord  
  14  0:45  Drone  
  15  0:51  Hatchery  
  15  0:54  Drone x2  
  16  1:10  Drone x2  
  18  1:35  Hatchery  
  18  1:37  Spawning Pool  
  16  1:40  Drone  
  17  2:03  Extractor  
  17  2:06  Extractor  
  15  2:10  Drone x4  
  19  2:26  Queen  
  19  2:28  Roach Warren  
  20  2:30  Drone x3  
  23  2:39  Spore Crawler  
  23  3:09  Roach x2  
  23  3:11  Overlord  
  23  3:12  Overlord  
  27  3:36  Metabolic Boost  
  27  3:49  Roach x3  
  33  4:07  Extractor  
  32  4:10  Queen  
  32  4:11  Overlord x2  
  34  4:24  Roach  
  34  4:25  Roach x4  
  41  5:19  Overlord  
  41  5:22  Zergling x2  
  41  5:23  Zergling x18  
  51  5:31  Spine Crawler  
  45  5:52  Zergling x2  
  45  5:53  Zergling x8  
  23  6:36  Zergling x14  
  23  6:37  Zergling x6  
  33  6:41  Queen x2  
  37  7:15  Zergling x2  
  37  7:16  Zergling x2  
  38  7:40  Drone x4  
  42  7:54  Drone  
Show
View Real Time Build Order
Export as new Build Order

Syb Protoss - Winner!

Build Orders:  

Get SALT Encoding   

  12  0:01  Probe (Chrono Boost)  
  13  0:12  Probe (Chrono Boost)  
  14  0:20  Pylon  
  14  0:22  Probe (Chrono Boost)  
  15  0:38  Probe (Chrono Boost)  
  16  0:44  Gateway  
  16  0:49  Probe (Chrono Boost)  
  17  0:54  Forge  
  17  1:00  Probe (Chrono Boost)  
  18  1:06  Pylon  
  18  1:10  Probe (Chrono Boost)  
  19  1:21  Probe (Chrono Boost)  
  19  1:22  Assimilator  
  20  1:26  Assimilator  
  20  1:29  Pylon  
  20  1:36  Cybernetics Core  
  20  1:39  Probe (Chrono Boost)  
  21  1:50  Probe (Chrono Boost)  
  22  2:03  Photon Cannon  
  22  2:08  Gateway  
  22  2:11  Gateway  
  22  2:19  Mothership Core (Chrono Boost)  
  24  2:24  Warp Gate  
  24  2:37  Probe (Chrono Boost)  
  25  2:47  Stalker  
  25  2:48  Probe (Chrono Boost)  
  28  2:52  Twilight Council  
  28  2:54  Pylon  
  28  3:25  Stalker x3  
  34  4:05  Blink (Chrono Boost)  
  34  4:10  Protoss Ground Weapons Level 1  
  34  4:23  Gateway  
  34  4:27  Photon Cannon  
  34  4:29  Pylon  
  34  4:36  Pylon  
  34  4:42  Probe, Photon Cannon  
  35  4:45  Stalker  
  35  4:46  Stalker x2  
  41  4:54  Probe  
  42  5:06  Probe  
  43  5:10  Stalker x3  
  49  5:38  Pylon  
  49  5:45  Stalker x3  
  51  6:43  Stalker x3  
  57  6:49  Nexus  
  57  6:52  Pylon  
  57  6:55  Pylon  
  55  7:22  Stalker x3  
  61  7:32  Gateway  
  61  7:34  Gateway  
  61  7:36  Gateway  
  61  7:42  Pylon  
  61  7:50  Sentry x3  
  67  7:55  Probe  
  68  8:13  Stalker  
  68  8:15  Stalker  
  69  8:41  Stalker  
Show
View Real Time Build Order
Export as new Build Order

Niamor Protoss - Winner!

Build Orders: Mass Adepts 

Get SALT Encoding   

  12  0:01  Probe (Chrono Boost)  
  13  0:12  Probe (Chrono Boost)  
  14  0:21  Pylon  
  14  0:23  Probe (Chrono Boost)  
  15  0:39  Probe (Chrono Boost)  
  15  0:40  Gateway  
  16  0:43  Assimilator  
  16  0:50  Assimilator  
  16  0:52  Probe (Chrono Boost)  
  17  1:03  Probe (Chrono Boost)  
  18  1:06  Gateway  
  18  1:13  Probe (Chrono Boost)  
  19  1:24  Probe (Chrono Boost)  
  20  1:33  Cybernetics Core  
  20  1:38  Probe (Chrono Boost)  
  21  1:48  Probe (Chrono Boost)  
  22  1:55  Pylon  
  22  2:00  Probe (Chrono Boost)  
  23  2:09  Twilight Council  
  23  2:13  Adept (Chrono Boost)  
  23  2:14  Warp Gate (Chrono Boost)  
  25  2:20  Adept (Chrono Boost)  
  27  2:27  Gateway  
  27  2:37  Adept (Chrono Boost)  
  27  2:40  Mothership Core  
  31  2:47  Resonating Glaives (Chrono Boost)  
  31  3:03  Pylon  
  31  3:09  Gateway  
  31  3:21  Adept, Pylon  
  33  3:32  Gateway  
  33  4:15  Adept x3  
  33  4:16  Adept  
  41  4:29  Pylon  
  41  4:31  Gateway  
  41  4:52  Adept x5  
  37  5:17  Adept x4  
  43  5:23  Adept  
  45  5:37  Pylon  
  45  5:47  Adept x2  
  47  6:00  Stalker x2  
  50  6:10  Stalker  
  50  6:37  Mothership Core  
  46  6:42  Dark Shrine, Stargate  
  30  7:18  Stargate  
  30  7:22  Pylon  
  30  7:32  Nexus  
  30  7:43  Probe  
  31  7:55  Dark Templar x3  
  37  8:08  Dark Templar  
  38  8:16  Pylon  
  36  8:31  Dark Templar x2  
Tags
 
Add a new tag
Caveats
  • Supply blocks, unpowered buildings, or Contaminate may cause inaccurate times.
  • Supply counts are checked every 10 seconds.